 Dungeon Crawl Stone Soup version 0.29.1-1-gd02db6906a (webtiles) character file.

Game seed: 976458982549484135

966 gzilladon the Chopper (level 7, -7/63 HPs)
             Began as a Minotaur Berserker on Sept 27, 2022.
             Was a Priest of Trog.
             Mangled by Lremus's ghost (14 damage)
             ... on level 6 of the Dungeon.
             The game lasted 00:14:00 (4322 turns).

gzilladon the Chopper (Minotaur Berserker)          Turns: 4322, Time: 00:14:00

Health: -7/63      AC: 10    Str: 22 (23) XL:     7   Next: 93%
Magic:  6/6        EV:  9    Int:  1 (4)  God:    Trog [***...]
Gold:   263        SH:  0    Dex:  8 (10) Spells: 6/6 levels left

rFire   . . .      SeeInvis .   a - +0 hand axe
rCold   . . .      Faith    .   (no shield)
rNeg    . . .      Spirit   .   q - +0 chain mail
rPois   .          Reflect  .   (helmet restricted)
rElec   .          Harm     .   (no cloak)
rCorr   .          Rampage  .   (no gloves)
Will    .....                   (no boots)
Stlth   ..........              (no amulet)
HPRegen 0.20/turn               (no ring)
MPRegen 0.10/turn               (no ring)

@: brilliant
A: horns 2, retaliatory headbutt
a: Renounce Religion, Berserk, Trog's Hand


You were on level 6 of the Dungeon.
You worshipped Trog.
Trog was most pleased with you.
You visited 2 branches of the dungeon, and saw 7 of its levels.

You collected 263 gold pieces.

Inventory:

Hand Weapons
 a - a +0 hand axe (weapon)
Missiles
 e - 35 stones (quivered)
 u - 6 boomerangs
Armour
 b - a +0 animal skin
 i - a +0 scale mail
 o - a +0 leather armour of fire resistance
 q - a +0 chain mail (worn)
Jewellery
 s - a +4 ring of protection
Scrolls
 c - 3 scrolls of teleportation {unknown}
 d - a scroll of fog {unknown}
 g - a scroll of magic mapping {unknown}
 j - a scroll of enchant armour {unknown}
 l - 2 scrolls of noise {unknown}
 m - 10 scrolls of identify {unknown}
 p - a scroll of torment {unknown}
 v - 3 scrolls of fear {unknown}
 y - a scroll of acquirement {unknown}
 z - a scroll of amnesia {unknown}
Potions
 f - a potion of brilliance
 k - 4 potions of curing
 n - a potion of heal wounds {unknown}
 r - a potion of lignification {unknown}
 t - a potion of mutation {unknown}
 w - a potion of cancellation {unknown}
 x - a potion of flight {unknown}


   Skills:
 * Level 6.2 Fighting
 + Level 7.7 Axes
 + Level 6.2 Armour
 + Level 3.7 Dodging
 - Level 0.4 Stealth


You had 6 spell levels left.
You didn't know any spells.
Your spell library contained the following spells:

 Spells                   Type           Power      Damage    Failure   Level
 Slow                     Hex            0%         N/A       99%         1
 Confusing Touch          Hex            0%         N/A       100%        3
 Vampiric Draining        Necr           0%         2d6       100%        3


Dungeon Overview and Level Annotations

Branches:
Dungeon (6/15)             Temple (1/1) D:5

Altars:
Cheibriados
Elyvilon
Gozag
Kikubaaqudgha
Nemelex Xobeh
Qazlal
Ru
Wu Jian
Yredelemnul
The Shining One

Shops:
D:2 =((=   D:5 [

Annotations:
D:6 Lremus's ghost, novice HOFi


Innate Abilities, Weirdness & Mutations

You have a pair of horns on your head.
You reflexively headbutt those who attack you in melee.


Message History

You hit the bullfrog. You closely miss the bullfrog.
The bullfrog hits you but does no damage. x2
The bullfrog barely misses you. You furiously retaliate!
You headbutt the bullfrog!
You kill the bullfrog!
Trog accepts your kill. Lremus's ghost hits you!
Your Armour skill increases to level 6!
You hit Lremus's ghost but do no damage.
Lremus's ghost is lightly damaged.
You hit the bullfrog. The bullfrog hits you.
Lremus's ghost hits you but does no damage.
You hit Lremus's ghost but do no damage.
Lremus's ghost is lightly damaged.
You closely miss the bullfrog. The bullfrog hits you.
* * * LOW HITPOINT WARNING * * *
The bullfrog hits you!
* * * LOW HITPOINT WARNING * * *
It was a potion of curing.
You feel better. Lremus's ghost barely misses you. The bullfrog hits you.
* * * LOW HITPOINT WARNING * * *
You hit Lremus's ghost but do no damage.
You hit the bullfrog. The bullfrog hits you.
* * * LOW HITPOINT WARNING * * *
Lremus's ghost screams, "You will join me soon!"
Lremus's ghost hits you.
* * * LOW HITPOINT WARNING * * *
The bullfrog misses you. You furiously retaliate!
You headbutt the bullfrog!
You kill the bullfrog!
Trog accepts your kill.
You can't go down here!
It was a potion of brilliance.
You feel clever all of a sudden. Lremus's ghost completely misses you.
You furiously retaliate!
You headbutt Lremus's ghost, but do no damage.
It was a potion of degeneration.
There was something very wrong with that liquid.
You feel weakened.
You feel dopey.
You feel clumsy. Lremus's ghost hits you!
You die...

#.# #~~~####<#
#~$~#....#
#~~~###..#####.
#~~~# #........
#~w~###.#######
#rF~##...#
##W##.#.#..#
#.@†.##.....#
##.##.###..##
...# #.# #.#
.....# #.# .#
#.....## #.. #
#..... .##
#..... # ######


You could see a bullfrog, a worm, Lremus's ghost and a quokka.

Vanquished Creatures
  Grinder (D:3)
  Sigmund (D:5)
  3 bullfrogs (D:6)
  3 scorpions
  A jelly (D:5)
  A hound (D:4)
  Jessica (D:3)
  Terence (D:3)
  An iguana (D:4)
  4 adders
  A white imp (D:5)
  2 worms
  4 dart slugs
  4 bats (D:1)
  6 endoplasms
  2 giant cockroaches
  6 goblins
  12 hobgoblins
  2 jackals (D:5)
  3 kobolds
  4 quokkas
  5 ball pythons
  4 frilled lizards (D:1)
  10 rats
82 creatures vanquished.

Vanquished Creatures (others)
  5 plants (D:1)
5 creatures vanquished.

Grand Total: 87 creatures vanquished

Notes
Turn   | Place    | Note
-------+----------+-------------------------------------------
     0 | D:1      | gzilladon the Minotaur Berserker began the quest for the
                  | Orb.
     0 | D:1      | Reached XP level 1. HP: 19/19 MP: 0/0
    71 | D:1      | Reached XP level 2. HP: 19/27 MP: 1/1
   188 | D:1      | Reached skill level 4 in Axes
   199 | D:1      | Found a faded altar of an unknown god.
   422 | D:1      | Reached XP level 3. HP: 29/33 MP: 2/2
   428 | D:1      | Reached ** piety under Trog
   894 | D:2      | Found Tutwis's Jewellery Shoppe.
   910 | D:2      | You fall into a shaft and drop 1 floor!
   949 | D:2      | Found Upeanes's Jewellery Boutique.
   988 | D:2      | Found Odikam's Antique Weapon Shop.
  1105 | D:2      | Found Fethy's Antique Weapon Shop.
  1571 | D:3      | Noticed Terence
  1586 | D:3      | Killed Terence
  1587 | D:3      | Reached XP level 4. HP: 24/41 MP: 3/3
  1772 | D:3      | Reached skill level 5 in Axes
  1930 | D:3      | Noticed Jessica
  1937 | D:3      | Killed Jessica
  2141 | D:3      | Reached XP level 5. HP: 45/47 MP: 4/4
  2222 | D:3      | Noticed Grinder
  2231 | D:3      | Killed Grinder
  2232 | D:3      | Reached skill level 5 in Fighting
  2232 | D:3      | Reached skill level 6 in Axes
  2232 | D:3      | Reached XP level 6. HP: 32/56 MP: 5/5
  2461 | D:4      | Reached *** piety under Trog
  2567 | D:4      | Found a snail-covered altar of Cheibriados.
  2567 | D:4      | Found a white marble altar of Elyvilon.
  2567 | D:4      | Found an ornate altar of the Wu Jian Council.
  2567 | D:4      | Found an ancient bone altar of Kikubaaqudgha.
  2570 | D:4      | Found a sacrificial altar of Ru.
  2570 | D:4      | Found a basalt altar of Yredelemnul.
  2848 | D:4      | Found a stormy altar of Qazlal.
  2848 | D:4      | Found a glowing golden altar of the Shining One.
  2848 | D:4      | Found a sparkling altar of Nemelex Xobeh.
  3337 | D:5      | Entered Level 5 of the Dungeon
  3481 | D:5      | Found a staircase to the Ecumenical Temple.
  3481 | D:5      | Noticed Sigmund
  3488 | D:5      | Killed Sigmund
  3489 | D:5      | Reached skill level 7 in Axes
  3489 | D:5      | Reached skill level 5 in Armour
  3489 | D:5      | Reached XP level 7. HP: 49/61 MP: 6/6
  3743 | Temple   | Entered the Ecumenical Temple
  4118 | D:5      | Found Edeop's Antique Armour Shop.
  4181 | D:6      | Found a runed translucent door.
  4181 | D:6      | Noticed Lremus's ghost (novice HOFi)
  4322 | D:6      | Mangled by Lremus's ghost

Illustrated notes

Levels and vault maps discovered:
D:1:      onia_arrival_mini_maze_b, layout_loops_ring, basic_ecumenical_altar,
          serial_bayou_pond_a, palyth_stone_intersect, minmay_indecisive_spiral
D:2:      layout_rooms, serial_shops, shop, shop, nicolae_shop_statue_plus,
          shop_statue, nicolae_figureground_sparkle
D:3:      layout_basic, uniq_jessica, uniq_terence, uniq_grinder
D:4:      layout_loops_ring, nicolae_overflows_in_rows,
          chequers_serial_rivers_marsh, hex_tiny, minivault_25,
          minmay_misc_feat_plants, nrook_mini_backslash,
          nicolae_underground_beach
D:5:      minmay_inner_zag, layout_rooms, minmay_temple_entry_grid,
          serial_shops, shop, kennysheep_another_room, uniq_sigmund
D:6:      layout_loops_cross, gup_sewer_entry_bubbles, ebering_ghost_sewer_f,
          kennysheep_generic_room_7
Temple:   nicolae_temple_figure_eight

Skill      XL: |  1  2  3  4  5  6  7 |
---------------+----------------------+-----
Fighting       | 4 5 6 |  6.2
Axes           | 4 5 6 7 |  7.7
Dodging        | 3 |  3.7
Armour         | 3 4 5 6 |  6.2
Stealth        | |  0.4

Action                   |  1- 3 |  4- 6 |  7- 9 || total
-------------------------+-------+-------+-------++-------
Melee: Hand axe          |    94 |    59 |    41 ||   194
       Headbutt          |    20 |    16 |    11 ||    47
       Punch             |     1 |       |       ||     1
  Use: Potion            |       |       |     3 ||     3
Armor: Animal skin       |    16 |       |       ||    16
       Scale mail        |    17 |       |       ||    17
       Chain mail        |       |    30 |    20 ||    50
Dodge: Dodged            |    70 |    28 |    17 ||   115
